 Dungeon Crawl Stone Soup version 0.21-a0-634-gaf8bc5d (webtiles) character file.

123817 tilp the Devastator (level 16, -4/147 HPs)
             Began as a Black Draconian Conjurer on Dec 29, 2017.
             Was a High Priest of Vehumet.
             Slain by a tarantella (13 damage)
             ... on level 3 of the Lair of Beasts.
             The game lasted 02:28:56 (39324 turns).

tilp the Devastator (Black Draconian Conjurer)     Turns: 39324, Time: 02:28:57

Health: -4/147     AC: 16    Str: 10    XL:     16   Next: 8%
Magic:  19/32      EV: 13    Int: 28    God:    Vehumet [*****.]
Gold:   572        SH:  8    Dex: 11    Spells: 0/39 levels left

rFire    + + .     SeeInvis +   a - staff of wizardry
rCold    . . .     Gourm    .   H - +2 shield
rNeg     . . .     Faith    .   (armour unavailable)
rPois    .         Spirit   .   (helmet restricted)
rElec    +         Reflect  .   G - +0 cloak
rCorr    .         Harm     .   n - +2 pair of gloves
MR       +++..                  Y - +2 pair of boots
Stlth    +++.......             B - amulet of regeneration
HPRegen  0.74/turn              y - ring "Sick" {+Blink rF++ Int+3 Dex-2 SInv Stlth+}
MPRegen  0.23/turn              Q - ring "Fonwyr" {rElec MR++ Int+3}

@: lethally poisoned (-4 -> -31), flying, very slightly contaminated
A: breathe lightning, unfitting armour, big wings, electricity resistance,
cold-blooded, AC +9
}: 1/15 runes: decaying
a: Breathe Lightning, Stop Flying, Renounce Religion, Evoke Blink


You were on level 3 of the Lair of Beasts.
You worshipped Vehumet.
Vehumet was extremely pleased with you.
You were very hungry.

You visited 6 branches of the dungeon, and saw 27 of its levels.
You also visited: Sewer.

You collected 2558 gold pieces.
You spent 1986 gold pieces at shops.

Inventory:

Hand Weapons
 b - a +2 whip of electrocution
 C - the +2 shortbow of Unezen {freeze, rPois}
   (You found it on level 3 of the Lair of Beasts)

   It causes projectiles fired from it to freeze those they strike, causing
   extra injury to most foes and up to half again as much damage against
   particularly susceptible opponents.
   They can also slow down cold-blooded creatures.
   It protects you from poison.
Missiles
 k - 7 javelins (quivered)
 D - 8 silver javelins
Armour
 n - a +2 pair of gloves (worn)
 G - a +0 cloak (worn)
 H - a +2 shield (worn)
 Y - a +2 pair of boots (worn)
Magical Staves
 a - an uncursed staff of wizardry (weapon)
Jewellery
 c - an uncursed ring of protection from magic
 e - an uncursed ring of ice
 y - the ring "Sick" (left hand) {+Blink rF++ Int+3 Dex-2 SInv Stlth+}
   (You bought it in a shop on level 2 of the Orcish Mines)

   [ring of see invisible]

   It affects your intelligence (+3).
   It affects your dexterity (-2).
   It greatly protects you from fire.
   It lets you see invisible.
   It lets you blink.
   It makes you more stealthy.
 B - an amulet of regeneration (around neck)
 P - a +5 ring of protection
 Q - the ring "Fonwyr" (right hand) {rElec MR++ Int+3}
   (You found it on level 11 of the Dungeon)

   [ring of intelligence]

   It affects your intelligence (+3).
   It insulates you from electricity.
   It affects your resistance to hostile enchantments.
Wands
 g - a wand of digging (21)
 l - a wand of disintegration (6)
 m - a wand of scattershot (4)
 w - a wand of polymorph (15)
 A - a wand of acid (6)
 K - a wand of paralysis (11)
 L - a wand of flame (48)
 T - a wand of clouds (8)
 U - a wand of iceblast (21)
Scrolls
 f - 9 scrolls of remove curse
 j - 9 scrolls of teleportation
 p - 4 scrolls of blinking
 v - 3 scrolls of fear
 x - a scroll of enchant weapon
 W - 5 scrolls of identify
 Z - 3 scrolls of fog
Potions
 d - 2 potions of heal wounds
 h - 4 potions of agility
 i - 3 potions of resistance
 o - a potion of cancellation
 r - 2 potions of berserk rage
 s - 5 potions of might
 u - 5 potions of mutation
 z - 2 potions of haste
 F - a potion of magic
 N - 2 potions of invisibility
 R - a potion of curing
 V - 4 potions of brilliance
Books
 I - a book of Beasts

   Spells                             Type                      Level
   a - Summon Butterflies             Summoning                    1
   b - Call Canine Familiar           Summoning                    3
   c - Summon Ice Beast               Ice/Summoning                4
   d - Summon Mana Viper              Hexes/Summoning              5
   e - Summon Hydra                   Summoning                    7
Miscellaneous
 S - a lightning rod (4/4)
 X - a sack of spiders
Comestibles
 O - 31 rations


   Skills:
 + Level 14.7 Fighting
 - Level 8.0 Dodging
 - Level 4.1 Stealth
 - Level 12.1 Spellcasting
 - Level 16.0 Conjurations
 - Level 4.0 Ice Magic
 - Level 10.0 Air Magic
 - Level 4.0 Earth Magic
 - Level 8.0 Evocations


You couldn't memorise any spells.
You knew the following spells:

 Your Spells              Type           Power        Failure   Level  Hunger
a - Iron Shot             Conj/Erth      ######....   7%          6    #####..
b - Searing Ray           Conj           ######       1%          2    None
c - Dazzling Spray        Conj/Hex       ######       1%          3    None
d - Iskenderun's Mystic   Conj           #######.     1%          4    None
e - Fulminant Prism       Conj/Hex       ######....   1%          4    None
f - Mephitic Cloud        Conj/Pois/Air  ######..     1%          3    None
g - Throw Icicle          Conj/Ice       ######..     1%          4    None
h - Conjure Ball Lightni  Conj/Air       ######....   1%          6    #####..
i - Freezing Cloud        Conj/Ice/Air   ######....   7%          6    #####..
j - Summon Butterflies    Summ           ###.....     9%          1    None


Dungeon Overview and Level Annotations

Branches:
Dungeon (14/15)            Temple (1/1) D:5            Lair (5/6) D:8
  Swamp (4/4) Lair:2       Spider (1/4) Lair:3          Orc (2/2) D:12
    Elf (0/3) Orc:2
  Slime: Lair:5-6    Vaults: D:13-14

Altars:
Ashenzari
Cheibriados
Dithmenos
Elyvilon
Fedhas
Gozag
Hepliaklqana
Kikubaaqudgha
Makhleb
Nemelex Xobeh
Okawaru
Qazlal
Ru
Sif Muna
Trog
Uskayaw
Vehumet
Wu Jian
Xom
Yredelemnul
Zin
The Shining One

Shops:
D:4 }   Orc:2 %?=%


Innate Abilities, Weirdness & Mutations

You can breathe wild blasts of lightning.
Your glossy black scales are hard. (AC +9)
You cannot fit into any form of body armour.
Your large and strong wings let you fly indefinitely.
You are resistant to electric shocks. (rElec)
You are cold-blooded and may be slowed by cold attacks.


Message History

You feel very sick. The redback barely misses you. The redback misses you.
The tarantella bites you!
* * * LOW HITPOINT WARNING * * *
You feel very sick. The redback bites you!
* * * LOW HITPOINT WARNING * * *
You are lethally poisoned!
The redback poisons you!
The tarantella bites you but does no damage.
Unknown command.
You feel better.
You feel less invigorated. The redback bites you.
* * * LOW HITPOINT WARNING * * *
You are poisoned.
The redback poisons you! The tarantella bites you!!
* * * LOW HITPOINT WARNING * * *
The redback bites you!
* * * LOW HITPOINT WARNING * * *
The tarantella bites you!
You die...

.## #..............# #........
.### ##............## ##........
#..# #.##....##########.........
...########.#########.###........
#.....### ###..#.##.#.##.......P.
##.#....####..##^.#..##.....##P..
##.##....#...##......#..######..
#.###.....#...##..#....# #... ###
##...###.#@s#.##..## ####
#.#.##.###s..#.#..#
#####....≈≈≈.###.##
##.≈≈≈≈≈..##.# #..≈...≈.##..##
#..'.>.'..#.#.# ##.##.##.##.###
#### #########.#.# ...# #.#....##


You could see a tarantella and a redback.

Vanquished Creatures
  4 thorn hunters
  A stone giant (Orc:1)
  An entropy weaver (Spider:1)
  Azrael (D:13)
  Josephine (D:13)
  16 hydras
  A catoblepas (Lair:4)
  3 alligators
  13 two-headed ogres
  2 ogre magi
  6 death yaks
  A spriggan berserker (Swamp:4)
  The ghost of VirginKiller the Martial Artist, a novice DgTm (Lair:1)
  Sonja (Lair:1)
  The ghost of theanonym the Slicer, a novice SpBe of Trog (D:9)
  2 deep trolls (Orc:2)
  An unseen horror (D:12)
  2 spriggan druids (Swamp:2)
  3 shambling mangroves
  18 swamp dragons
  The ghost of toffzen the Poker, a novice NaBe of Trog (D:6)
  A lindwurm (D:14)
  Pikel (D:7)
  A necromancer (D:14)
  A deep elf mage (D:12)
  An orc sorcerer (Orc:2)
  An orb spider (shapeshifter) (D:13)
  3 cyclopes
  An ugly thing (D:11)
  An orb spider (Lair:3)
  Maurice (D:13)
  2 manticores
  A cyclops (shapeshifter) (D:14)
  5 elephants (Lair:3)
  A black mamba (Lair:2)
  5 torpor snails (Lair:3)
  A gargoyle (D:12)
  13 spiny frogs
  2 rime drakes (Lair:3)
  A freezing wraith (D:13)
  8 komodo dragons
  An efreet (D:14)
  2 demonic crawlers (Spider:1)
  3 polar bears
  8 trolls
  10 hornets
  6 tyrant leeches
  7 bog bodies
  8 hippogriffs
  3 dream sheep (Lair:3)
  10 blink frogs
  4 redbacks (Spider:1)
  A vampire (D:14)
  A meliai zombie (D:11)
  2 shadows
  7 spriggans
  A tarantella (Spider:1)
  3 wraiths (D:13)
  5 basilisks
  3 wyverns
  3 fire elementals (D:13)
  22 yaks
  4 hogs (D:7)
  A human (D:7)
  6 wargs
  A steam dragon (Lair:2)
  2 hungry ghosts (D:9)
  19 vampire mosquitoes
  27 swamp worms
  4 insubstantial wisps (Swamp:3)
  2 hell hounds (D:13)
  6 porcupines
  Duvessa (D:4)
  9 water moccasins
  11 swamp drakes
  16 orc warriors
  4 ice beasts
  A black bear (D:13)
  4 sky beasts
  23 ogres
  3 phantoms
  An eye of draining (D:12)
  5 centaurs
  6 wolves (Lair:4)
  6 crocodiles
  2 big kobolds
  18 bullfrogs
  3 scorpions
  Dowan (D:4)
  29 killer bees
  3 wights (D:7)
  2 howler monkeys
  8 crimson imps
  3 bullfrog zombies
  3 centaur zombies
  8 hounds
  4 jellies
  A bullfrog skeleton (D:8)
  20 orc priests
  A centaur skeleton (D:7)
  31 orc wizards
  9 iguanas
  12 worker ants
  3 worker ant zombies
  10 gnolls
  16 adders
  A river rat (D:5)
  3 shadow imps
  5 oozes
  An adder skeleton (D:4)
  An adder zombie (D:3)
  7 worms
  A dart slug (D:1)
  9 leopard geckos
  82 orcs
  13 bats
  10 giant cockroaches
  4 goblins
  3 hobgoblins
  17 jackals
  7 quokkas
  3 ball pythons
  5 frilled lizards
  20 kobolds
  A leopard gecko skeleton (D:8)
  2 quokka skeletons
  7 rats
  A spectral orc (D:2)
  3 briar patches (Swamp:4)
  A fungus (Lair:1)
797 creatures vanquished.

Vanquished Creatures (others)
  33 ball lightnings
  A centaur skeleton (D:13)
  A slave (D:7)
  2 killer bees (D:11)
  A crimson imp (D:7)
  An orc priest (D:7)
  An orc wizard (D:13)
  A shadow imp (D:7)
  An orc (D:7)
  A quokka (D:5)
  6 briar patches
  2 bushes (D:14)
  64 fulminant prisms
  5 fungi
  A plant (Lair:3)
121 creatures vanquished.

Grand Total: 918 creatures vanquished

Notes
Turn   | Place    | Note
-------+----------+-------------------------------------------
     0 | D:1      | tilp the Draconian Conjurer began the quest for the Orb.
     0 | D:1      | Reached XP level 1. HP: 14/14 MP: 3/3
   138 | D:1      | Reached XP level 2. HP: 20/20 MP: 1/5
   143 | D:1      | Learned a level 2 spell: Searing Ray
   795 | D:2      | Reached XP level 3. HP: 25/26 MP: 7/7
   800 | D:2      | Learned a level 3 spell: Dazzling Spray
  1599 | D:2      | Found a basalt altar of Yredelemnul.
  1736 | D:2      | Found a hazy altar of Hepliaklqana.
  1736 | D:2      | Found a glowing golden altar of the Shining One.
  2001 | D:2      | Found a white marble altar of Elyvilon.
  2279 | D:3      | Reached XP level 4. HP: 28/33 MP: 4/8
  2314 | D:3      | Found a basalt altar of Yredelemnul.
  2592 | D:4      | Found an ancient bone altar of Kikubaaqudgha.
  2603 | D:4      | Reached skill level 5 in Conjurations
  2755 | D:4      | Reached XP level 5. HP: 38/38 MP: 6/10
  3196 | D:4      | Reached skill level 6 in Conjurations
  3448 | D:4      | Noticed Duvessa
  3448 | D:4      | Noticed Dowan
  3448 | D:4      | Noticed an ogre
  3466 | D:3      | Killed an ogre
  3466 | D:3      | Reached skill level 1 in Fighting
  3466 | D:3      | Reached XP level 6. HP: 16/48 MP: 3/12
  4390 | D:4      | Killed Dowan
  4435 | D:4      | Killed Duvessa
  4435 | D:4      | Your scales start taking on a glossy black colour.
  4435 | D:4      | Reached XP level 7. HP: 36/57 MP: 0/13
  4435 | D:4      | Gained mutation: You are resistant to electric shocks. (rElec) [Black Draconian growth]
  4556 | D:4      | Found Akulepaf's Gadget Shop.
  4649 | D:5      | Entered Level 5 of the Dungeon
  4650 | D:5      | Found a white marble altar of Elyvilon.
  4692 | D:5      | Found a sparkling altar of Nemelex Xobeh.
  4871 | D:5      | Found a staircase to the Ecumenical Temple.
  4877 | Temple   | Entered the Ecumenical Temple
  5030 | Temple   | Became a worshipper of Vehumet
  5405 | D:5      | Reached XP level 8. HP: 57/67 MP: 9/14
  5446 | D:5      | Reached skill level 7 in Conjurations
  5543 | D:5      | Learned a level 4 spell: Iskenderun's Mystic Blast
  5548 | D:5      | Learned a level 4 spell: Fulminant Prism
  6209 | D:5      | Reached skill level 11 in Conjurations
  6209 | D:5      | Reached XP level 9. HP: 81/81 MP: 15/20
  6853 | D:5      | Reached * piety under Vehumet
  6853 | D:5      | Offered knowledge of Sting by Vehumet.
  7034 | D:6      | Found a glowing drain.
  7101 | Sewer    | Entered a sewer
  7530 | Sewer    | Offered knowledge of Sandblast by Vehumet.
  7805 | D:6      | Reached ** piety under Vehumet
  8220 | D:6      | Noticed toffzen's ghost (novice NaBe)
  8241 | D:6      | Killed toffzen's ghost
  8487 | D:6      | Reached XP level 10. HP: 88/88 MP: 9/21
  9041 | D:7      | Noticed Pikel
  9055 | D:7      | Killed Pikel
  9293 | D:7      | Offered knowledge of Conjure Flame by Vehumet.
  9530 | D:6      | Reached *** piety under Vehumet
 10076 | D:7      | Found a burning altar of Makhleb.
 10099 | D:7      | Offered knowledge of Mephitic Cloud by Vehumet.
 10104 | D:7      | Learned a level 3 spell: Mephitic Cloud
 10308 | D:7      | Found a sacrificial altar of Ru.
 10311 | D:7      | Found a bloodstained altar of Trog.
 10421 | D:8      | Noticed a two-headed ogre
 10430 | D:8      | Killed a two-headed ogre
 10430 | D:8      | Reached skill level 12 in Conjurations
 10846 | D:8      | Reached XP level 11. HP: 84/94 MP: 18/23
 11104 | D:8      | Reached **** piety under Vehumet
 11181 | D:8      | Noticed a two-headed ogre
 11270 | D:8      | Killed a two-headed ogre
 11515 | D:8      | Found a staircase to the Lair.
 11590 | D:8      | Found a shimmering altar of Xom.
 11723 | D:9      | Offered knowledge of Throw Icicle by Vehumet.
 11790 | D:9      | Learned a level 4 spell: Throw Icicle
 12258 | D:9      | Noticed a two-headed ogre
 12267 | D:9      | Killed a two-headed ogre
 12342 | D:9      | Noticed theanonym's ghost (novice SpBe)
 12353 | D:9      | Killed theanonym's ghost
 12353 | D:9      | Reached skill level 10 in Spellcasting
 12353 | D:9      | Reached skill level 13 in Conjurations
 12707 | D:9      | Found a hide-covered altar of Uskayaw.
 12707 | D:9      | Noticed a dagger
 12710 | D:9      | Noticed a dagger
 12968 | D:10     | Entered Level 10 of the Dungeon
 13095 | D:10     | Found an iron altar of Okawaru.
 13494 | D:10     | Reached ***** piety under Vehumet
 13646 | D:10     | Noticed a two-headed ogre
 13649 | D:10     | Killed a two-headed ogre
 13758 | D:10     | Offered knowledge of Lee's Rapid Deconstruction by Vehumet.
 13770 | D:10     | Learned a level 5 spell: Lee's Rapid Deconstruction
 14252 | D:11     | Noticed a red ugly thing
 14263 | D:11     | Killed a red ugly thing
 14394 | D:11     | Reached skill level 14 in Conjurations
 14704 | D:11     | Reached XP level 12. HP: 91/103 MP: 18/26
 14707 | D:11     | Got a coiled brass ring
 15405 | D:12     | Identified the ring "Fonwyr" {rElec MR++ Int+3} (You found it on level 11 of the Dungeon)
 16308 | D:12     | Found a staircase to the Orcish Mines.
 16676 | D:12     | Reached skill level 10 in Fighting
 16885 | Orc:1    | Entered Level 1 of the Orcish Mines
 16937 | Orc:1    | Offered knowledge of Freezing Cloud by Vehumet.
 16945 | Orc:1    | Learned a level 6 spell: Freezing Cloud
 17032 | Orc:2    | Entered Level 2 of the Orcish Mines
 17185 | Orc:2    | Reached skill level 1 in Air Magic
 17253 | Orc:2    | Found a staircase to the Elven Halls.
 17279 | Orc:2    | Reached skill level 1 in Ice Magic
 18262 | Orc:1    | Noticed a stone giant
 18507 | Orc:2    | Found a burning altar of Makhleb.
 18630 | Orc:2    | Found Ydatsu's Food Shoppe.
 18633 | Orc:2    | Noticed an ogre mage
 18635 | Orc:2    | Noticed a two-headed ogre
 18688 | Orc:1    | Killed an ogre mage
 18891 | Orc:2    | Killed a two-headed ogre
 19095 | Orc:2    | Noticed a two-headed ogre
 19114 | Orc:2    | Killed a two-headed ogre
 19678 | Orc:2    | Noticed a two-headed ogre
 19681 | Orc:2    | Killed a two-headed ogre
 19762 | Orc:2    | Noticed an ogre mage
 19776 | Orc:2    | Killed an ogre mage
 19776 | Orc:2    | Reached XP level 13. HP: 103/113 MP: 7/29
 19950 | Orc:1    | Killed a stone giant
 20124 | Orc:2    | Reached skill level 5 in Air Magic
 21056 | Orc:2    | Found Myahiot's Jewellery Emporium.
 21057 | Orc:2    | Found Lerch's Food Boutique.
 21087 | Orc:2    | Bought the ring "Sick" {+Blink rF++ Int+3 Dex-2 SInv Stlth+} for 771 gold pieces
 21092 | Orc:2    | Found Fusiuly's Magic Scroll Emporium.
 21100 | Orc:2    | Bought a scroll of identify for 34 gold pieces
 21100 | Orc:2    | Bought a scroll of magic mapping for 59 gold pieces
 21100 | Orc:2    | Bought a scroll of identify for 34 gold pieces
 21100 | Orc:2    | Bought a scroll of identify for 34 gold pieces
 21100 | Orc:2    | Bought 2 scrolls of identify for 68 gold pieces
 21111 | Orc:2    | Bought 3 scrolls of identify for 102 gold pieces
 21517 | Lair:1   | Entered Level 1 of the Lair of Beasts
 21517 | Lair:1   | Noticed Sonja
 21521 | Lair:1   | Killed Sonja
 21785 | Lair:1   | Noticed VirginKiller's ghost (novice DgTm)
 21791 | Lair:1   | Killed VirginKiller's ghost
 22497 | Lair:2   | Reached skill level 5 in Dodging
 22674 | Lair:2   | Found a staircase to the Swamp.
 24132 | Lair:3   | Found a hole to the Spider Nest.
 24537 | Lair:3   | Got a bloodstained shortbow
 24559 | Lair:3   | Identified the +2 shortbow of Unezen {freeze, rPois} (You found it on level 3 of the Lair of Beasts)
 24662 | Lair:3   | Gained mutation: Your large and strong wings let you fly indefinitely. [Black Draconian growth]
 24662 | Lair:3   | Reached XP level 14. HP: 125/125 MP: 23/30
 24732 | Lair:3   | Offered knowledge of Poison Arrow by Vehumet.
 24812 | Lair:3   | Found a snail-covered altar of Cheibriados.
 28727 | Orc:2    | Bought a scroll of acquirement for 884 gold pieces
 28729 | Orc:2    | Got a heavily runed hat
 28736 | Orc:2    | Identified the +0 hat of the Orcish Mines {*Drain rC- Str+8 SInv} (You acquired it on level 2 of the Orcish Mines)
 29088 | D:13     | Noticed Azrael
 29212 | D:13     | Killed Azrael
 29517 | D:13     | Reached skill level 10 in Air Magic
 29518 | D:13     | Noticed Josephine
 29520 | D:13     | Killed Josephine
 29756 | D:13     | Noticed Maurice
 29762 | D:13     | Killed Maurice
 29844 | D:14     | Found a bloodstained altar of Trog.
 30001 | D:14     | Reached skill level 15 in Conjurations
 30001 | D:14     | Offered knowledge of Iron Shot by Vehumet.
 30017 | D:14     | Learned a level 6 spell: Iron Shot
 30914 | Swamp:1  | Entered Level 1 of the Swamp
 31707 | Swamp:1  | You fall through a shaft!
 33023 | Swamp:2  | Reached XP level 15. HP: 132/132 MP: 12/31
 33031 | Swamp:2  | Reached skill level 16 in Conjurations
 33074 | Swamp:2  | Noticed a thorn hunter
 33261 | Swamp:2  | Noticed a thorn hunter
 33466 | Swamp:2  | Reached skill level 5 in Evocations
 33590 | Swamp:2  | Killed a thorn hunter
 34040 | Swamp:2  | Noticed a thorn hunter
 34051 | Swamp:2  | Killed a thorn hunter
 34343 | Swamp:2  | Killed a thorn hunter
 34845 | Swamp:3  | Offered knowledge of Conjure Ball Lightning by Vehumet.
 34934 | Swamp:2  | Learned a level 6 spell: Conjure Ball Lightning
 35137 | Swamp:3  | Reached skill level 1 in Earth Magic
 35843 | Swamp:4  | Entered Level 4 of the Swamp
 36077 | Swamp:4  | Got a fine mace
 36078 | Swamp:4  | Identified the cursed +0 mace "Boutub" {drain, rF+++} (You found it on level 4 of the Swamp)
 37161 | Swamp:4  | Paralysed by a hornet for 3 turns
 37475 | Swamp:4  | Noticed a thorn hunter
 37748 | Swamp:4  | Killed a thorn hunter
 38529 | Swamp:4  | Reached XP level 16. HP: 122/147 MP: 19/32
 38893 | Swamp:4  | Got a decaying rune of Zot
 38930 | Swamp:4  | Learned a level 1 spell: Summon Butterflies
 39117 | Spider:1 | Entered Level 1 of the Spider Nest
 39324 | Lair:3   | Slain by a tarantella

Vault maps used:
D:1:      co_arrival_square_in_a_square_in_a_square
D:2:      yredelemnul_forgotten_temple_becter, nicolae_overflow_hidden_temple,
          minitemple, serial_aquarium, aquarium_bridge_straight,
          aquarium_window_1, aquarium_window_2, aquarium_window_fake,
          aquarium_window_fake, aquarium_view_2f
D:3:      yredelemnul_altar_generic
D:4:      kiku_gazebo_pond_becter, first_ration, serial_shops,
          nicolae_shop_trees, supply_closet_lemuel, uniq_duvessa
D:5:      minmay_diamond_boxcup, nemelex_xobeh_ov_fountains_minmay,
          temple_green, elyvilon_altar_4
D:6:      portal_sewer_entry_a
D:7:      overflow_temple_1_default, lemuel_doored_altar, kennysheep_little_box,
          grunt_livestock, grunt_potential, uniq_pikel
D:8:      lemuel_coloured_pillars_altar, lair_entry_dummy
D:9:      dancing_weapons_uskayaw, serial_glass, glass_columns_c,
          glass_columns_a, grunt_ministairs_12
D:10:     grunt_ministairs_4, okawaru_ov_weapons_minmay
D:11:     lemuel_flame_loot_2, kennysheep_pointless_box
D:12:     david_orc_1_choice
D:13:     lab_entry_generic, uniq_maurice, uniq_josephine, uniq_azrael
D:14:     david_vaults_4, minmay_crystal_room, trog_ov_bears_minmay, uniq_kirke
Temple:   chequers_temple_sunken
Lair:1:   uniq_sonja
Lair:2:   minmay_swamp_entry_swarm, serial_bayou_shore_b
Lair:3:   nicolae_spider_entry_orb_guardian, kennysheep_snail_temple,
          serial_bayou_shore_a
Swamp:1:  nicolae_swamp_feature_on_the_river_bank, swamp_pool1,
          nicolae_swamp_spriggan_camp, infiniplex_staircase_pool_2
Swamp:2:  evilmike_swamp_ruin_house_1, swamp_pool4
Swamp:3:  evilmike_swamp_ruin_house_6, infiniplex_staircase_pool
Swamp:4:  swamp_basic_johnstein, swamp_pool5
Spider:1: nicolae_spider_mines_1, spider_trap, uniq_donald, uniq_frances,
          uniq_nikola
Orc:2:    st_orc_open, bloody_makhleb
Sewer:    sewer_fruit_machine

Skill      XL: |  1  2  3  4  5  6  7  8  9 10 11 12 13 14 15 |
---------------+----------------------------------------------+-----
Spellcasting   | 3 4 7 8 10 12 | 12.1
Conjurations   | 5 6 11 12 14 15 16 | 16.0
Fighting       | 1 3 4 8 10 11 12 14 | 14.7
Stealth        | 2 3 4 |  4.1
Dodging        | 4 6 8 |  8.0
Evocations     | 3 4 8 |  8.0
Air Magic      | 4 8 10 | 10.0
Ice Magic      | 2 4 |  4.0
Earth Magic    | 4 |  4.0

Action                   |  1- 3 |  4- 6 |  7- 9 | 10-12 | 13-15 | 16-18 || total
-------------------------+-------+-------+-------+-------+-------+-------++-------
Melee: Short sword       |    68 |    33 |    86 |       |       |       ||   187
       Tailslap          |     6 |     3 |     7 |    12 |    17 |       ||    45
       Flail             |       |       |     5 |   107 |       |       ||   112
       Whip              |       |       |       |     7 |   143 |       ||   150
       Staff             |       |       |       |       |    30 |       ||    30
Throw: Javelin           |       |       |       |       |    13 |       ||    13
 Cast: Magic Dart        |    35 |    43 |    98 |   103 |    13 |       ||   292
       Searing Ray       |     5 |    18 |    41 |   151 |    17 |       ||   232
       Dazzling Spray    |     4 |     1 |     4 |     8 |     3 |       ||    20
       Iskenderun's Myst |       |       |     5 |     1 |    64 |    17 ||    87
       Fulminant Prism   |       |       |     2 |    39 |    23 |       ||    64
       Throw Icicle      |       |       |       |   142 |   476 |     7 ||   625
       Mephitic Cloud    |       |       |       |     2 |     3 |       ||     5
       Freezing Cloud    |       |       |       |     3 |    45 |       ||    48
       Iron Shot         |       |       |       |       |    38 |     5 ||    43
       Conjure Ball Ligh |       |       |       |       |    18 |       ||    18
 Abil: Breathe Lightning |       |       |     4 |     1 |     9 |       ||    14
       Evoke Blink       |       |       |       |       |     8 |       ||     8
       Fly               |       |       |       |       |     1 |       ||     1
Evoke: Wand              |       |       |       |     5 |    26 |       ||    31
  Use: Potion            |       |     3 |     2 |     3 |     3 |     2 ||    13
       Scroll            |       |     2 |     9 |     6 |    21 |       ||    38
 Stab: Sleeping          |     5 |       |     1 |       |       |       ||     6
       Distracted        |     1 |       |       |     1 |       |       ||     2
       Invisible         |     1 |     1 |     2 |       |       |       ||     4
       Paralysed         |       |       |       |       |     4 |       ||     4
  Eat: Chunk             |     5 |     6 |    13 |    40 |    59 |       ||   123
       Ration            |       |       |     1 |       |     7 |     1 ||     9
Armor: Skin              |    23 |    18 |   110 |   172 |   172 |    11 ||   506
Dodge: Dodged            |    44 |    48 |   164 |   297 |   272 |    19 ||   844
Block: Shield            |       |       |       |       |   148 |     7 ||   155

Table legend:
 A = Spawn XP
 B = Non-spawn XP
 C = Spawn XP percentage of total XP
 D = Spawn monster count
 E = Non-spawn monster count
 F = Spawn count percentage of total count
 G = Total turns spent on level
                    A         B        C        D         E        F      G
               +---------+---------+-------+---------+---------+-------+---------
         Total |       0 |  156540 |   0.0 |       0 |     795 |   0.0 | 39324
               +---------+---------+-------+---------+---------+-------+---------
           D:1 |       0 |      38 |   0.0 |       0 |      20 |   0.0 |   759
           D:2 |       0 |      48 |   0.0 |       0 |      19 |   0.0 |  1313
           D:3 |       0 |     221 |   0.0 |       0 |      13 |   0.0 |  1070
           D:4 |       0 |     658 |   0.0 |       0 |      27 |   0.0 |  1635
           D:5 |       0 |    1364 |   0.0 |       0 |      35 |   0.0 |  2013
           D:6 |       0 |    2070 |   0.0 |       0 |      40 |   0.0 |  1962
           D:7 |       0 |    3240 |   0.0 |       0 |      39 |   0.0 |   817
           D:8 |       0 |    3039 |   0.0 |       0 |      23 |   0.0 |  1287
           D:9 |       0 |    4910 |   0.0 |       0 |      47 |   0.0 |  1443
          D:10 |       0 |    2872 |   0.0 |       0 |      32 |   0.0 |  1429
          D:11 |       0 |    2667 |   0.0 |       0 |      31 |   0.0 |  1041
          D:12 |       0 |    5917 |   0.0 |       0 |      54 |   0.0 |  2081
          D:13 |       0 |    7918 |   0.0 |       0 |      45 |   0.0 |   906
          D:14 |       0 |    5036 |   0.0 |       0 |      18 |   0.0 |   551
        Lair:1 |       0 |    3526 |   0.0 |       0 |      12 |   0.0 |  1013
        Lair:2 |       0 |    4007 |   0.0 |       0 |      18 |   0.0 |  1341
        Lair:3 |       0 |   11216 |   0.0 |       0 |      33 |   0.0 |  2177
        Lair:4 |       0 |    8085 |   0.0 |       0 |      28 |   0.0 |  1606
        Lair:5 |       0 |    5625 |   0.0 |       0 |      15 |   0.0 |  1153
       Swamp:1 |       0 |    8063 |   0.0 |       0 |      26 |   0.0 |  2220
       Swamp:2 |       0 |   14368 |   0.0 |       0 |      31 |   0.0 |  1551
       Swamp:3 |       0 |    5915 |   0.0 |       0 |      18 |   0.0 |  1244
       Swamp:4 |       0 |   32756 |   0.0 |       0 |      59 |   0.0 |  3091
      Spider:1 |       0 |    3169 |   0.0 |       0 |       8 |   0.0 |    76
         Orc:1 |       0 |    3699 |   0.0 |       0 |      22 |   0.0 |  1288
         Orc:2 |       0 |   16054 |   0.0 |       0 |      60 |   0.0 |  3471
         Sewer |       0 |      59 |   0.0 |       0 |      22 |   0.0 |   614
               +---------+---------+-------+---------+---------+-------+---------
